TOP OF THE 1ST |
Utica Unicorns batting - Pitching for Trenton Stars : RHP Gary Grimes
|
Pitching: RHP Gary Grimes
|
|
Batting: RHB John Jones
|
0-0: Foul Ball, location: 2F 0-1: Ball 1-1: Ball 2-1: SINGLE (Line Drive, 56)
|
Batting: RHB Justin Geoghegan
|
0-0: Ball 1-0: Foul Ball, location: 2F 1-1: Foul Ball, location: 2F 1-2: Ball 2-2: Strikes out swinging
|
Batting: LHB José Román
|
0-0: Ball 1-0: Ball Wild Pitch! John Jones to second 2-0: Foul Ball, location: 2F 2-1: SINGLE (Groundball, 3S) (infield hit) John Jones to third
|
Batting: LHB Pablo Reyes
|
0-0: Fly out, F6 (Popup, 6MD)
|
Batting: RHB Kenny Cole
|
0-0: Ball 1-0: DOUBLE (Line Drive, 9D) John Jones scores José Román to third
|
Batting: RHB Mitsuoki Taguchi
|
0-0: Foul Ball, location: 2F 0-1: Reached on error, E9 (Flyball, 89M) José Román scores Kenny Cole scores
|
Batting: RHB Micheal Banks
|
0-0: Ball 1-0: Foul Ball, location: 2F 1-1: Swinging Strike 1-2: Ball 2-2: Foul Ball, location: 2F 2-2: Foul Ball, location: 2F 2-2: Strikes out swinging
|
Top of the 1st over - 3 runs, 3 hits, 1 error, 1 left on base; Utica 3 - Trenton 0 |
BOTTOM OF THE 1ST |
Trenton Stars batting - Pitching for Utica Unicorns : RHP Alberto Parra
|
Pitching: RHP Alberto Parra
|
|
Batting: RHB Aurelio Cruz
|
0-0: Ball 1-0: Ball 2-0: Swinging Strike 2-1: Called Strike 2-2: SINGLE (Line Drive, 4M)
|
Batting: RHB George Reeves
|
0-0: Ground out 6-3 (Groundball, 6D) Aurelio Cruz to second
|
Batting: LHB Wes Thompson
|
0-0: Called Strike 0-1: Ball 1-1: Ball 2-1: Reached on error, E1 (Groundball, 13) Aurelio Cruz to third
|
Batting: RHB Jesús Solís
|
0-0: Ball 1-0: Foul Ball, location: 2F 1-1: Called Strike 1-2: Strikes out swinging
|
Batting: LHB Pat Zimmerman
|
0-0: Ball 1-0: Ball 2-0: Foul Ball, location: 2F 2-1: Ball 3-1: SINGLE (Groundball, 56D) Aurelio Cruz scores Wes Thompson to second
|
Batting: SHB António Enríquez
|
0-0: Foul Ball, location: 2F 0-1: Fly out, F9 (Flyball, 9LSF)
|
Bottom of the 1st over - 1 run, 2 hits, 1 error, 2 left on base; Utica 3 - Trenton 1 |
TOP OF THE 2ND |
Utica Unicorns batting - Pitching for Trenton Stars : RHP Gary Grimes
|
Batting: SHB Ralph Robison
|
0-0: Called Strike 0-1: Ball 1-1: Ball 2-1: Fly out, F8 (Flyball, 8RD)
|
Batting: RHB Marcos Castillo
|
0-0: Ball 1-0: Ball 2-0: Ground out 5-3 (Groundball, 5)
|
Batting: RHB John Jones
|
0-0: Called Strike 0-1: Called Strike 0-2: Ground out 3-1 (Groundball, 34)
|
Top of the 2nd over - 0 runs, 0 hits, 0 errors, 0 left on base; Utica 3 - Trenton 1 |
BOTTOM OF THE 2ND |
Trenton Stars batting - Pitching for Utica Unicorns : RHP Alberto Parra
|
Batting: RHB Bill Bourland
|
0-0: Foul Ball, location: 2F 0-1: Ball 1-1: Ball 2-1: Ball 3-1: Called Strike 3-2: Foul Ball, location: 2F 3-2: Foul Ball, location: 2F 3-2: Foul Ball, location: 2F 3-2: Foul Ball, location: 2F 3-2: Fly out, F4 (Popup, 4MS)
|
Batting: SHB Ismael Sánchez
|
0-0: Ball 1-0: SINGLE (Groundball, 4MD)
|
Batting: RHB Dan McKay
|
0-0: Swinging Strike 0-1: Called Strike 0-2: Strikes out looking
|
Batting: RHB Aurelio Cruz
|
0-0: Called Strike 0-1: Ball 1-1: Foul Ball, location: 2F 1-2: 2-RUN HOME RUN (Line Drive, 7D), Distance : 373 ft
|
Batting: RHB George Reeves
|
0-0: Called Strike 0-1: SINGLE (Line Drive, 3)
|
Batting: LHB Wes Thompson
|
0-0: Ball 1-0: Ball 2-0: Foul Ball, location: 2F 2-1: Foul Ball, location: 2F 2-2: Ball George Reeves steals 2nd base 3-2: Ground out U3 (Groundball, 3)
|
Bottom of the 2nd over - 2 runs, 3 hits, 0 errors, 1 left on base; Utica 3 - Trenton 3 |
TOP OF THE 3RD |
Utica Unicorns batting - Pitching for Trenton Stars : RHP Gary Grimes
|
Batting: RHB Justin Geoghegan
|
0-0: Foul Ball, location: 2F 0-1: Fly out, F7 (Flyball, 7S)
|
Batting: LHB José Román
|
0-0: Called Strike 0-1: Ball 1-1: Foul Ball, location: 2F 1-2: DOUBLE (Line Drive, 9LM)
|
Batting: LHB Pablo Reyes
|
0-0: Ball 1-0: Swinging Strike 1-1: Ball 2-1: Swinging Strike 2-2: Ball 3-2: Strikes out swinging
|
Batting: RHB Kenny Cole
|
0-0: Called Strike 0-1: Ball 1-1: Called Strike 1-2: Ball 2-2: Ball 3-2: Strikes out swinging
|
Top of the 3rd over - 0 runs, 1 hit, 0 errors, 1 left on base; Utica 3 - Trenton 3 |
BOTTOM OF THE 3RD |
Trenton Stars batting - Pitching for Utica Unicorns : RHP Alberto Parra
|
Batting: RHB Jesús Solís
|
0-0: Foul Ball, location: 2F 0-1: Foul Ball, location: 2F 0-2: Strikes out swinging
|
Batting: LHB Pat Zimmerman
|
0-0: Called Strike 0-1: Ground out U3 (Groundball, 3)
|
Batting: SHB António Enríquez
|
0-0: Called Strike 0-1: DOUBLE (Line Drive, 78XD)
|
Batting: RHB Bill Bourland
|
0-0: Called Strike 0-1: Ground out 1-3 (Groundball, 13)
|
Bottom of the 3rd over - 0 runs, 1 hit, 0 errors, 1 left on base; Utica 3 - Trenton 3 |
TOP OF THE 4TH |
Utica Unicorns batting - Pitching for Trenton Stars : RHP Gary Grimes
|
Batting: RHB Mitsuoki Taguchi
|
0-0: Foul Ball, location: 2F 0-1: Ball 1-1: Ball 2-1: Ball 3-1: Foul Ball, location: 2F 3-2: Ground out 6-3 (Groundball, 6M)
|
Batting: RHB Micheal Banks
|
0-0: Foul Ball, location: 2F 0-1: Called Strike 0-2: Ball 1-2: Ball 2-2: Ball 3-2: Ground out 6-3 (Groundball, 6D)
|
Batting: SHB Ralph Robison
|
0-0: Called Strike 0-1: Ball 1-1: Ball 2-1: Foul Ball, location: 2F 2-2: Ball 3-2: Strikes out looking
|
Top of the 4th over - 0 runs, 0 hits, 0 errors, 0 left on base; Utica 3 - Trenton 3 |
BOTTOM OF THE 4TH |
Trenton Stars batting - Pitching for Utica Unicorns : RHP Alberto Parra
|
Batting: SHB Ismael Sánchez
|
0-0: Ball 1-0: Ground out 3-1 (Groundball, 34S)
|
Batting: RHB Dan McKay
|
0-0: Ball 1-0: Ball 2-0: Fly out, F8 (Flyball, 8LD)
|
Batting: RHB Aurelio Cruz
|
0-0: Ground out 4-3 (Groundball, 4D)
|
Bottom of the 4th over - 0 runs, 0 hits, 0 errors, 0 left on base; Utica 3 - Trenton 3 |
TOP OF THE 5TH |
Utica Unicorns batting - Pitching for Trenton Stars : RHP Gary Grimes
|
Batting: RHB Marcos Castillo
|
0-0: Ball 1-0: Called Strike 1-1: Ball 2-1: Ball 3-1: Foul Ball, location: 2F 3-2: Base on Balls
|
Batting: RHB John Jones
|
0-0: Called Strike 0-1: Called Strike 0-2: Ball 1-2: Foul Ball, location: 2F 1-2: Foul Ball, location: 2F 1-2: Ball 2-2: Single, Error in OF, E7, batter to second base Marcos Castillo to third
|
Batting: RHB Justin Geoghegan
|
0-0: Ball 1-0: Ball 2-0: Ground out 5-3 (Groundball, 56S) Marcos Castillo scores John Jones to third
|
Batting: LHB José Román
|
0-0: Foul Ball, location: 2F 0-1: Foul Ball, location: 2F 0-2: Ball 1-2: Foul Ball, location: 2F 1-2: SINGLE (Line Drive, 89M) John Jones scores
|
Batting: LHB Pablo Reyes
|
0-0: 2-RUN HOME RUN (Flyball, 9LD), Distance : 329 ft
|
Batting: RHB Kenny Cole
|
0-0: Foul Ball, location: 2F 0-1: Ball 1-1: Fly out, F9 (Line Drive, 9S)
|
Batting: RHB Mitsuoki Taguchi
|
0-0: Foul Ball, location: 2F 0-1: Ball 1-1: Foul Ball, location: 2F 1-2: Foul Ball, location: 2F 1-2: Ground out 4-3 (Groundball, 4)
|
Top of the 5th over - 4 runs, 3 hits, 1 error, 0 left on base; Utica 7 - Trenton 3 |
BOTTOM OF THE 5TH |
Trenton Stars batting - Pitching for Utica Unicorns : RHP Alberto Parra
|
Batting: RHB George Reeves
|
0-0: Called Strike 0-1: Ball 1-1: SINGLE (Groundball, 34D)
|
Batting: LHB Wes Thompson
|
0-0: Called Strike 0-1: Ball George Reeves steals 2nd base 1-1: Swinging Strike 1-2: Fly out, F5 (Popup, 56)
|
Batting: RHB Jesús Solís
|
0-0: Called Strike 0-1: Ball 1-1: Called Strike George Reeves steals 3rd base 1-2: SINGLE (Line Drive, 78S) George Reeves scores
|
Batting: LHB Pat Zimmerman
|
0-0: Ball 1-0: Ball 2-0: Ball Jesús Solís steals 2nd base 3-0: Called Strike 3-1: Base on Balls
|
Batting: SHB António Enríquez
|
0-0: Ball 1-0: Called Strike 1-1: Called Strike 1-2: Ball 2-2: Fly out, F7 (Flyball, 7D) Runner from 2nd tags up, SAFE at 3rd, no throw
|
Batting: RHB Bill Bourland
|
0-0: Ball 1-0: Called Strike 1-1: Ball 2-1: Ball 3-1: Foul Ball, location: 2F 3-2: Foul Ball, location: 2F 3-2: 3-RUN HOME RUN (Flyball, 8RXD), Distance : 439 ft
|
Batting: SHB Ismael Sánchez
|
0-0: Fly out, F9 (Line Drive, 9)
|
Bottom of the 5th over - 4 runs, 3 hits, 0 errors, 0 left on base; Utica 7 - Trenton 7 |
TOP OF THE 6TH |
Utica Unicorns batting - Pitching for Trenton Stars : RHP Gary Grimes
|
Pitching: RHP Daniel Couch
|
|
Batting: RHB Micheal Banks
|
0-0: Called Strike 0-1: Ball 1-1: Ball 2-1: Foul Ball, location: 2F 2-2: Ball 3-2: Base on Balls
|
Batting: SHB Ralph Robison
|
0-0: Ball 1-0: Ball 2-0: SINGLE (Line Drive, 89S) Micheal Banks to second
|
Batting: RHB Marcos Castillo
|
0-0: SINGLE (Line Drive, 56D) Micheal Banks to third Ralph Robison to second
|
Batting: RHB John Jones
|
0-0: Foul Ball, location: 2F 0-1: Ball 1-1: Ball 2-1: Foul Ball, location: 2F 2-2: Foul Ball, location: 2F 2-2: Ground out U3 (Groundball, 34S) Micheal Banks scores Ralph Robison to third Marcos Castillo to second
|
Batting: RHB Justin Geoghegan
|
0-0: Ball 1-0: Called Strike 1-1: Ball 2-1: Ball 3-1: Foul Ball, location: 2F 3-2: Foul Ball, location: 2F 3-2: Strikes out swinging
|
Batting: LHB José Román
|
0-0: Called Strike 0-1: Fly out, F4 (Line Drive, 4)
|
Top of the 6th over - 1 run, 2 hits, 0 errors, 2 left on base; Utica 8 - Trenton 7 |
BOTTOM OF THE 6TH |
Trenton Stars batting - Pitching for Utica Unicorns : RHP Alberto Parra
|
Pitching: RHP Robert Martin
|
|
Batting: RHB Dan McKay
|
0-0: Ball 1-0: Foul Ball, location: 2F 1-1: Called Strike 1-2: Foul Ball, location: 2F 1-2: Ball 2-2: Strikes out looking
|
Batting: RHB Aurelio Cruz
|
0-0: Ball 1-0: Ball 2-0: Ball 3-0: Base on Balls
|
Batting: RHB George Reeves
|
0-0: Foul Ball, location: 2F 0-1: Foul Ball, location: 2F 0-2: Ball 1-2: Foul Ball, location: 2F 1-2: Foul Ball, location: 2F 1-2: DOUBLE (Line Drive, 9LS) Aurelio Cruz to third
|
Batting: LHB Wes Thompson
|
0-0: Called Strike 0-1: Foul Ball, location: 2F 0-2: Ball 1-2: Ball 2-2: Foul Ball, location: 2F 2-2: Ball 3-2: Base on Balls
|
Batting: RHB Jesús Solís
|
0-0: Ball 1-0: Swinging Strike 1-1: Foul Ball, location: 2F 1-2: Foul Ball, location: 2F 1-2: Ball 2-2: Strikes out swinging
|
Batting: LHB Pat Zimmerman
|
0-0: Ground out 4-3 (Groundball, 4)
|
Bottom of the 6th over - 0 runs, 1 hit, 0 errors, 3 left on base; Utica 8 - Trenton 7 |
TOP OF THE 7TH |
Utica Unicorns batting - Pitching for Trenton Stars : RHP Daniel Couch
|
Batting: LHB Pablo Reyes
|
0-0: Ball 1-0: Swinging Strike 1-1: Swinging Strike 1-2: Strikes out swinging
|
Batting: RHB Kenny Cole
|
0-0: Ball 1-0: Foul Ball, location: 2F 1-1: Ball 2-1: Called Strike 2-2: Strikes out swinging
|
Batting: RHB Mitsuoki Taguchi
|
0-0: Ball 1-0: Ball 2-0: Ball 3-0: Base on Balls
|
Batting: RHB Micheal Banks
|
0-0: Ball 1-0: DOUBLE (Line Drive, 9LS) Mitsuoki Taguchi to third Runner from 3rd tries for Home, SAFE, no throw
|
Pitching: RHP Fernando Silva
|
|
Batting: SHB Ralph Robison
|
0-0: Foul Ball, location: 2F 0-1: Swinging Strike 0-2: Ball 1-2: Foul Ball, location: 2F 1-2: Strikes out looking
|
Top of the 7th over - 1 run, 1 hit, 0 errors, 1 left on base; Utica 9 - Trenton 7 |
BOTTOM OF THE 7TH |
Trenton Stars batting - Pitching for Utica Unicorns : RHP Robert Martin
|
Batting: SHB António Enríquez
|
0-0: Ball 1-0: Called Strike 1-1: Called Strike 1-2: Strikes out swinging
|
Batting: RHB Bill Bourland
|
0-0: Ball 1-0: Ground out 4-3 (Groundball, 4)
|
Batting: SHB Ismael Sánchez
|
0-0: Called Strike 0-1: Foul Ball, location: 2F 0-2: Strikes out swinging, 2-3 out at first.
|
Bottom of the 7th over - 0 runs, 0 hits, 0 errors, 0 left on base; Utica 9 - Trenton 7 |
TOP OF THE 8TH |
Utica Unicorns batting - Pitching for Trenton Stars : RHP Fernando Silva
|
Batting: RHB Marcos Castillo
|
0-0: Foul Ball, location: 2F 0-1: Ground out 3-1 (Groundball, 34)
|
Batting: RHB John Jones
|
0-0: Ball 1-0: Ball 2-0: Swinging Strike 2-1: Foul Ball, location: 2F 2-2: Strikes out swinging
|
Batting: RHB Justin Geoghegan
|
0-0: Ball 1-0: Called Strike 1-1: Ball 2-1: Ball 3-1: Called Strike 3-2: Foul Ball, location: 2F 3-2: SINGLE (Line Drive, 89M)
|
Batting: LHB José Román
|
0-0: Called Strike 0-1: Ball 1-1: Foul Ball, location: 2F 1-2: Ball 2-2: Fly out, F5 (Popup, 5D)
|
Top of the 8th over - 0 runs, 1 hit, 0 errors, 1 left on base; Utica 9 - Trenton 7 |
BOTTOM OF THE 8TH |
Trenton Stars batting - Pitching for Utica Unicorns : RHP Robert Martin
|
Batting: RHB Dan McKay
|
0-0: Fly out, F9 (Flyball, 9LMF)
|
Batting: RHB Aurelio Cruz
|
0-0: Ball 1-0: Foul Ball, location: 2F 1-1: Ball 2-1: Fly out, F7 (Flyball, 7S)
|
Batting: RHB George Reeves
|
0-0: Ball 1-0: Ground out 6-3 (Groundball, 6S)
|
Bottom of the 8th over - 0 runs, 0 hits, 0 errors, 0 left on base; Utica 9 - Trenton 7 |
TOP OF THE 9TH |
Utica Unicorns batting - Pitching for Trenton Stars : RHP Fernando Silva
|
Pitching: LHP Enrico Lozano
|
|
Batting: LHB Pablo Reyes
|
0-0: Ball 1-0: Called Strike 1-1: Fly out, F7 (Flyball, 7)
|
Batting: RHB Kenny Cole
|
0-0: Ball 1-0: Ball 2-0: Called Strike 2-1: Swinging Strike 2-2: Foul Ball, location: 2F 2-2: Fly out, F9 (Flyball, 9D)
|
Batting: RHB Mitsuoki Taguchi
|
0-0: Ball 1-0: Called Strike 1-1: Called Strike 1-2: Ball 2-2: Foul Ball, location: 2F 2-2: Ball 3-2: Base on Balls
|
Batting: RHB Micheal Banks
|
0-0: Ground out 5-3 (Groundball, 56S)
|
Top of the 9th over - 0 runs, 0 hits, 0 errors, 1 left on base; Utica 9 - Trenton 7 |
BOTTOM OF THE 9TH |
Trenton Stars batting - Pitching for Utica Unicorns : RHP Robert Martin
|
Pitching: RHP Tim Hill
|
|
Batting: LHB Wes Thompson
|
0-0: Called Strike 0-1: Swinging Strike 0-2: SINGLE (Line Drive, 6M)
|
Pinch Hitting: RHB Carlos Pérez
|
0-0: Foul Ball, location: 2F 0-1: Foul Ball, location: 2F 0-2: Strikes out swinging
|
Batting: LHB Pat Zimmerman
|
0-0: Ball 1-0: Foul Ball, location: 2F 1-1: Foul Ball, location: 2F 1-2: Foul Ball, location: 2F 1-2: Foul Ball, location: 2F 1-2: Foul Ball, location: 2F 1-2: Ball 2-2: Foul Ball, location: 2F 2-2: Foul Ball, location: 2F 2-2: Ball 3-2: Base on Balls Wes Thompson to second
|
Pinch Runner at 2nd Octávio Marín:
|
|
Batting: SHB António Enríquez
|
0-0: Foul Ball, location: 2F 0-1: Grounds into double play, 4-6-3 (Groundball, 4)
|
Bottom of the 9th over - 0 runs, 1 hit, 0 errors, 1 left on base; Utica 9 - Trenton 7 |
|